 Dungeon Crawl Stone Soup version 0.21.1 (webtiles) character file.

961 pstr the Digger (level 8, -3/64 HPs)
             Began as a Naga Earth Elementalist on Feb 3, 2018.
             Was a Follower of Sif Muna.
             Slain by a hornet zombie (7 damage)
             ... on level 5 of the Dungeon.
             The game lasted 00:14:12 (6407 turns).

pstr the Digger (Naga Earth Elementalist)           Turns: 6407, Time: 00:14:12

Health: -3/64      AC:  3    Str: 11    XL:     8   Next: 15%
Magic:  0/16       EV: 10    Int: 18    God:    Sif Muna [*.....]
Gold:   199        SH:  0    Dex: 11    Spells: 14/18 levels left

rFire    . . .     SeeInvis +   (no weapon)
rCold    + . .     Gourm    .   (no shield)
rNeg     . . .     Faith    .   c - +0 robe
rPois    +         Spirit   .   (no helmet)
rElec    .         Reflect  .   (no cloak)
rCorr    .         Harm     .   (no gloves)
MR       +....                  (no barding)
Stlth    ++........             (no amulet)
HPRegen  0.20/turn              w - ring of wizardry
MPRegen  0.15/turn              B - ring of protection from cold

@: lethally poisoned (-3 -> -5), short of breath, very slow
A: large, see invisible, deformed body, poison resistance, slowness 2, slow
metabolism 1, spit poison 1, AC +2
a: Spit Poison, Divine Energy, Renounce Religion


You were on level 5 of the Dungeon.
You worshipped Sif Muna.
Sif Muna was aware of your devotion.
You were not hungry.

You visited 1 branch of the dungeon, and saw 5 of its levels.
You also visited: Ossuary.

You collected 199 gold pieces.

Inventory:

Hand Weapons
 g - a +0 dagger
 t - a cursed -3 dagger
Missiles
 a - 67 arrows
 b - 60 stones (quivered)
Armour
 c - a +0 robe (worn)
 j - a cursed +0 ring mail
Jewellery
 q - an uncursed ring of teleportation
 w - a ring of wizardry (left hand)
 y - a +4 ring of intelligence {unknown}
 B - a ring of protection from cold (right hand)
Wands
 v - a wand of clouds (1)
 A - a wand of flame (39)
 C - a wand of paralysis (12)
Scrolls
 h - 2 scrolls of enchant armour {unknown}
 k - 3 scrolls of identify
 l - a scroll of teleportation
 n - 2 scrolls of fear
 o - a scroll of remove curse
 r - a scroll of enchant weapon {unknown}
 u - 3 scrolls of fog {unknown}
Potions
 i - a potion of heal wounds {unknown}
 m - 3 potions of curing
 p - 2 potions of resistance {unknown}
 s - 3 potions of lignification {unknown}
 x - a potion of degeneration {unknown}
 z - a potion of cancellation {unknown}
Books
 e - a book of Geomancy

   Spells                             Type                      Level
   a - Sandblast                      Earth                        1
   b - Passwall                       Transmutation/Earth          2
   c - Stone Arrow                    Conjuration/Earth            3
   d - Petrify                        Transmutation/Earth          4
   e - Lee's Rapid Deconstruction     Earth                        5
Comestibles
 d - 11 rations


   Skills:
 + Level 1.1 Fighting
 + Level 1.9 Dodging
 + Level 3.9 Stealth
 + Level 5.7 Spellcasting
 + Level 2.1 Conjurations
   Level 1.0 Transmutations
 + Level 6.5 Earth Magic


You had 14 spell levels left.
You knew the following spells:

 Your Spells              Type           Power        Failure   Level  Hunger
a - Sandblast             Erth           ####..       1%          1    None
b - Stone Arrow           Conj/Erth      ###...       2%          3    ##.....


Dungeon Overview and Level Annotations

Branches:
Dungeon (5/15)             Temple (0/1) D:5

Altars:
Ashenzari
Dithmenos
Elyvilon
Sif Muna
Vehumet
Yredelemnul


Innate Abilities, Weirdness & Mutations

You cannot wear boots.
Your serpentine skin is tough. (AC +2)
You have supernaturally acute eyesight. (SInv)
Armour fits poorly on your strangely shaped body.
Your system is resistant to poisons. (rPois)
You cover ground very slowly.
You have a slow metabolism.
You can spit poison.


Message History

The blast of sand hits the adder.
The adder is moderately wounded.
b - 61 stones You feel sick.
The adder barely misses you.
Casting: Sandblast
Confirm with . or Enter, or press ? or * to list all spells.
Aiming: Sandblast
Press: ? - help, Shift-Dir - straight line, f/p - hornet zombie
Aim: a hornet zombie (almost destroyed)
The blast of sand hits the adder.
You kill the adder!
Sif Muna accepts your kill.
b - 60 stones
Press: ? - help, Shift-Dir - straight line, f/p - hornet zombie
Aim: a hornet zombie (almost destroyed)
The splash of poison hits the hornet zombie.
The hornet zombie completely resists.
The hornet zombie is almost destroyed.
You feel slightly more hungry.
You feel sick. The hornet zombie hits you!
You die...

..).......# ........###.....#
#######...# #.######.#.###.##
#...### .# # ####.## #####
....<# .# #.....)
..รท.####..#.## .# #.##.##
###.##.8.#...## .# #.##.#
##............## .# #.##.#
.....8.>.8>..>.##.# #.##.#
##.............Z@.# #.##.#
##.##.8.#.....#### #.##.#
#.##.##..#..## #.##.#
#.##....###.# #.##.#
#.######.#.## ########.##.#
#.#######.########........##<#
.................#########.#
.............##### #.#
.#####..####.# #.#


You could see a hornet zombie.

Vanquished Creatures
  A sky beast (D:5)
  A phantom (D:5)
  2 centaurs (D:5)
  A centaur zombie (D:5)
  A hound (D:4)
  An orc priest (D:5)
  Jessica (D:2)
  3 orc wizards
  Ijyb (D:3)
  3 worker ants
  A killer bee zombie (D:5)
  A hound skeleton (D:4)
  3 mummies (Ossuary)
  7 gnolls
  6 adders
  2 oozes
  2 worms (D:3)
  3 dart slugs (D:1)
  5 leopard geckos
  19 orcs
  A ball python (D:1)
  6 bats
  2 giant cockroaches
  A gnoll zombie (Ossuary)
  7 goblins
  7 hobgoblins
  11 jackals
  6 kobolds
  A quokka (D:4)
  3 frilled lizards
  A goblin zombie (Ossuary)
  2 kobold zombies (Ossuary)
  A quokka skeleton (D:4)
  A quokka zombie (Ossuary)
  14 rats
  A rat zombie (Ossuary)
129 creatures vanquished.

Notes
Turn   | Place    | Note
-------+----------+-------------------------------------------
     0 | D:1      | pstr the Naga Earth Elementalist began the quest for the Orb.
     0 | D:1      | Reached XP level 1. HP: 15/15 MP: 3/3
   110 | D:1      | Reached XP level 2. HP: 22/22 MP: 0/5
   567 | D:1      | Reached XP level 3. HP: 28/28 MP: 3/6
   572 | D:1      | Learned a level 3 spell: Stone Arrow
  1309 | D:2      | Reached skill level 4 in Earth Magic
  1317 | D:1      | Reached XP level 4. HP: 10/36 MP: 0/8
  1730 | D:2      | Noticed Jessica
  1735 | D:2      | Killed Jessica
  1735 | D:2      | Reached XP level 5. HP: 43/43 MP: 1/9
  3376 | D:3      | Found a deep blue altar of Sif Muna.
  3419 | D:3      | Became a worshipper of Sif Muna the Loreminder
  3469 | D:3      | Reached skill level 1 in Conjurations
  3523 | D:3      | Noticed Ijyb
  3546 | D:3      | Killed Ijyb
  3546 | D:3      | Reached XP level 6. HP: 33/50 MP: 0/11
  3831 | D:3      | Reached skill level 5 in Earth Magic
  4504 | D:4      | Found a shadowy altar of Dithmenos.
  4778 | D:4      | Reached * piety under Sif Muna
  4893 | D:4      | Found a shattered altar of Ashenzari.
  5144 | D:5      | Entered Level 5 of the Dungeon
  5150 | D:5      | Found a radiant altar of Vehumet.
  5200 | D:5      | Found a staircase to the Ecumenical Temple.
  5210 | D:5      | Reached skill level 1 in Fighting
  5210 | D:5      | Reached XP level 7. HP: 46/57 MP: 5/13
  5481 | D:5      | Found a sand-covered staircase.
  5491 | D:5      | Reached skill level 5 in Spellcasting
  5491 | D:5      | Reached skill level 6 in Earth Magic
  5534 | Ossuary  | Entered an ossuary
  5980 | D:5      | Found a basalt altar of Yredelemnul.
  5988 | D:5      | Reached XP level 8. HP: 21/64 MP: 0/16
  6265 | D:5      | Found a white marble altar of Elyvilon.
  6407 | D:5      | Slain by a hornet zombie

Skill      XL: |  1  2  3  4  5  6  7 |
---------------+----------------------+-----
Earth Magic    | 4 5 6 |  6.5
Spellcasting   | 3 4 5 |  5.7
Conjurations   | 1 2 |  2.1
Fighting       | 1 |  1.1
Dodging        | |  1.9
Stealth        | |  3.9
Transmutations | |  1.0

Action                   |  1- 3 |  4- 6 |  7- 9 || total
-------------------------+-------+-------+-------++-------
 Cast: Sandblast         |    34 |    53 |    30 ||   117
       Stone Arrow       |     7 |    66 |    30 ||   103
 Abil: Spit Poison       |     2 |    10 |     6 ||    18
  Use: Scroll            |       |     4 |     1 ||     5
       Potion            |       |       |     2 ||     2
  Eat: Ration            |       |     1 |     1 ||     2
       Chunk             |       |    14 |     2 ||    16
Armor: Robe              |     1 |    14 |     7 ||    22
Dodge: Dodged            |    13 |    39 |    28 ||    80
